 Dungeon Crawl Stone Soup version 0.29.0-4-gdea44cf6ec (webtiles) character file.

Game seed: 870626813668133939

7 qw the Sneak (level 2, -1/19 HPs)
             Began as a Gargoyle Delver on Sept 10, 2022.
             Slain by an orc
             ... wielding a +1 whip of electrocution
              (2 damage)
             ... on level 4 of the Dungeon.
             The game lasted 00:00:08 (596 turns).

qw the Sneak (Gargoyle Delver)                       Turns: 596, Time: 00:00:08

Health: -1/19      AC:  5    Str: 15    XL:     2   Next: 4%
Magic:  2/2        EV: 11    Int: 10    God:
Gold:   0          SH:  0    Dex: 11    Spells: 1/1 levels left

rFire   . . .      SeeInvis .   a - +0 hand axe
rCold   . . .      Faith    .   (no shield)
rNeg    + . .      Spirit   .   b - +0 leather armour
rPois   inf        Reflect  .   (no helmet)
rElec   +          Harm     .   (no cloak)
rCorr   .          Rampage  .   (no gloves)
Will    .....                   (no boots)
Stlth   +++.......              (no amulet)
HPRegen 0.06/turn               (no ring)
MPRegen 0.08/turn               (no ring)

@: no status effects
A: sickness immunity, AC +2, negative energy resistance 1, electricity
resistance, torment resistance 1, petrification resistance
a: no special abilities


You were on level 4 of the Dungeon.
You visited 1 branch of the dungeon, and saw 2 of its levels.


Innate Abilities, Weirdness & Mutations

You are immune to sickness and miasma.
Your stone body is resilient. (AC +2)
You are immune to poison.
You resist negative energy. (rN+)
You are resistant to electric shocks. (rElec)
You are resistant to unholy torment.
You are immune to petrification.


   Skills:
 - Level 3.2 Fighting
 + Level 2.4 Axes
 - Level 1.5 Dodging
 - Level 5.4 Stealth


You had one spell level left.
You didn't know any spells.
Your spell library was empty.

Inventory:

Hand Weapons
 a - a +0 hand axe (weapon)
 h - a +0 mace
Armour
 b - a +0 leather armour (worn)
 c - a +0 ring mail
 d - a +0 scale mail
Wands
 g - a wand of digging (3)
Potions
 f - a potion of haste

Dungeon Overview and Level Annotations

Branches:
Dungeon (5/15)
 Temple: D:4-7

Altars:


Message History

You hear a shout!
The orc wizard casts a spell.
The orc wizard flickers and vanishes!
Deactivating autopickup; reactivate with Ctrl-A.
You barely miss something. Something hits you but does no damage.
A gnoll comes into view. It is wielding a +0 club.
You miss something. Something hits you.
The gnoll bouda barks out a call to the hunt!
The gnolls pick up the pace!
You hear a shout!
You hit the orc.
The orc is severely wounded.
You hit something but do no damage. Something completely misses you.
The orc closely misses you.
A gnoll comes into view. It is wielding a +0 spear.
The gnoll barely misses you.
You hit the orc.
You kill the orc!
You hit the orc but do no damage. You hit something.
You hear some strange, mumbled words.
Something tries to affect you, but you resist.
The orc completely misses you.
The gnoll hits you from afar with a +0 spear.
The orc hits you with a +0 hand axe. Something hits you but does no damage.
The hobgoblin hits you. The orc closely misses you.
You have reached level 2!
You barely miss the hobgoblin. You barely miss the orc. You miss something.
You hit the orc. You barely miss the orc. The gnoll barely misses you.
The orc barely misses you. Something hits you.
The orc hits you with a +0 hand axe. The orc hits you but does no damage. x2
The hobgoblin misses you.
You hit the orc.
The orc is severely wounded.
You hit the orc but do no damage. You hit something but do no damage.
You hit the orc. You hit the hobgoblin. The gnoll closely misses you.
The orc hits you with a +1 whip of electrocution.
You die...

#..### ##...#
####.# #....#
###.####
.##### ##...#
......##..###
.....gg#)##
....ooo@.#
....gg{oo#
.....goo.#
.....g.g..
.$......#.#
(......##..
....... ###
.......


You could see a gnoll bouda, an orc priest, 5 gnolls, 6 orcs and a hobgoblin.

Vanquished Creatures
  3 orcs (D:4)
  A quokka (D:4)
4 creatures vanquished.

Notes
Turn   | Place    | Note
-------+----------+-------------------------------------------
     0 | D:5      | qw the Gargoyle Delver began the quest for the Orb.
     0 | D:5      | Reached XP level 1. HP: 14/14 MP: 1/1
     0 | D:5      | 0 ||| qw: Version: 0.1-a-116-g5d60599
     0 | D:5      | 0 ||| qw: Game counter: 8345
     0 | D:5      | 0 ||| qw: Always use a shield: true
     0 | D:5      | 0 ||| qw: God list: Okawaru
     0 | D:5      | 0 ||| qw: Allow faded altars: false
     0 | D:5      | 0 ||| qw: Do Orc after D:15 true
     0 | D:5      | 0 ||| qw: Do second Lair branch before Depths: true
     0 | D:5      | 0 ||| qw: Lair rune preference: random
     0 | D:5      | 0 ||| qw: Plans: Normal
     0 | D:5      | 0 ||| PLANNING D:1-11
     9 | D:5      | 9 ||| DROPPING scroll of fog.
    10 | D:5      | 10 ||| DROPPING scroll of magic mapping.
    11 | D:5      | 11 ||| DROPPING scroll of fear.
   380 | D:4      | Noticed an orc wizard
   381 | D:4      | 381 ||| Stepping ~*~*~tactically~*~*~ (hiding).
   483 | D:4      | 483 ||| Stepping ~*~*~tactically~*~*~ (hiding).
   585 | D:4      | 585 ||| Stepping ~*~*~tactically~*~*~ (hiding).
   589 | D:4      | Noticed an orc priest
   589 | D:4      | Noticed a gnoll bouda
   594 | D:4      | HP: 3/14 [hobgoblin (4)]
   595 | D:4      | Reached XP level 2. HP: 5/19 MP: 2/2
   595 | D:4      | HP: 1/19 [orc/+0 hand axe (1)]
   596 | D:4      | Slain by an orc

Levels and vault maps discovered:
D:4:      layout_rooms, minmay_temple_entry_from_below_b, grunt_ministairs_15,
          hangedman_glass_teeth
D:5:      layout_loops_cross, mainiacjoe_overflow_boulevard, uniq_pikel

Skill      XL: |  1 |
---------------+----+-----
Axes           | 2 |  2.4
Fighting       | |  3.2
Dodging        | |  1.5
Stealth        | |  5.4

Action                   || total
-------------------------++-------
Melee: Hand axe          ||    21
 Stab: Sleeping          ||     1
Armor: Leather armour    ||     8
Dodge: Dodged            ||    16

Table legend:
 A = Non-vault XP
 B = Vault XP
 C = Vault XP percentage of total XP
 D = Non-vault monster count
 E = Vault monster count
 F = Vault count percentage of total count
                 A         B        C        D         E       F
            +---------+---------+-------+---------+---------+-------
      Total |      11 |       0 |   0.0 |       4 |       0 |   0.0
            +---------+---------+-------+---------+---------+-------
        D:4 |      11 |       0 |   0.0 |       4 |       0 |   0.0
            +---------+---------+-------+---------+---------+-------
